 Dungeon Crawl Stone Soup version 0.22.1-1-ga44c0e5 (webtiles) character file.

486 Zebedee the Chopper (level 7, -4/55 HPs)
             Began as a Formicid Abyssal Knight on Sept 30, 2018.
             Was a Believer of Lugonu.
             Slain by Duvessa
             ... wielding a +0 short sword
              (15 damage)
             ... on level 4 of the Dungeon.
             The game lasted 00:16:29 (4408 turns).

Zebedee the Chopper (Formicid Abyssal Knight)       Turns: 4408, Time: 00:16:29

Health: -4/55      AC:  7    Str: 18    XL:     7   Next: 35%
Magic:  8/8        EV: 12    Int: 12    God:    Lugonu [**....]
Gold:   121        SH:  0    Dex: 10    Spells: 6/6 levels left

rFire    . . .     SeeInvis +   t - +0 hand axe (elec)
rCold    . . .     Gourm    .   (no shield)
rNeg     . . .     Faith    .   u - +0 scale mail
rPois    .         Spirit   .   (helmet unavailable)
rElec    .         Reflect  .   (no cloak)
rCorr    .         Harm     .   (no gloves)
MR       +....                  (no boots)
Stlth    ..........             (no amulet)
HPRegen  0.18/turn              i - +3 ring of evasion
MPRegen  0.11/turn              n - ring of protection from magic

@: no status effects
A: permanent stasis, dig shafts and tunnels, four strong arms, antennae 3,
[blurry vision 1], [deterioration 1]
a: Dig, Shaft Self, Depart the Abyss, Bend Space, Renounce Religion


You were on level 4 of the Dungeon.
You worshipped Lugonu.
Lugonu was pleased with you.
You were very hungry.

You visited 1 branch of the dungeon, and saw 5 of its levels.
You visited the Abyss 1 time.

You collected 121 gold pieces.

Inventory:

Hand Weapons
 a - a +1 hand axe
 t - a +0 hand axe of electrocution (weapon)
 y - a cursed -1 mace
Missiles
 j - 39 sling bullets
 k - 16 stones (quivered)
Armour
 b - a +0 leather armour
 s - a +1 robe of magic resistance
 u - a +0 scale mail (worn)
Jewellery
 i - a +3 ring of evasion (left hand)
 n - a ring of protection from magic (right hand)
 w - an uncursed ring of ice
Scrolls
 d - a scroll of fog {unknown}
 e - 3 scrolls of random uselessness {unknown}
 g - 2 scrolls of teleportation {unknown}
 l - a scroll of enchant armour {unknown}
 o - 6 scrolls of identify {unknown}
 q - 2 scrolls of amnesia {unknown}
 r - a scroll of magic mapping {unknown}
 x - 2 scrolls of remove curse {unknown}
Potions
 f - a potion of lignification
 h - a potion of ambrosia {unknown}
 m - a potion of curing {unknown}
 p - a potion of flight {unknown}
 v - a potion of heal wounds {unknown}
 z - 2 potions of agility {unknown}
 A - 2 potions of cancellation {unknown}
Comestibles
 c - 7 rations
 B - 3 chunks of flesh


   Skills:
 + Level 4.9 Fighting
 + Level 5.5 Axes
 + Level 4.6 Armour
 - Level 0.8 Dodging
 - Level 2.1 Invocations


You had 6 spell levels left.
You didn't know any spells.
Your spell library was empty.

Dungeon Overview and Level Annotations

Branches:
Dungeon (5/15)
 Temple: D:4-7

Altars:
Elyvilon
Trog
Yredelemnul

Annotations:
D:4 Duvessa


Innate Abilities, Weirdness & Mutations

You cannot be hasted, slowed, berserked, paralysed or teleported.
You can dig through walls and to a lower floor.
Your four strong arms can wield two-handed weapons with a shield.
You have a pair of large antennae on your head. (SInv)
[Scrolls take you a little longer to read.]
[Your body sometimes deteriorates upon taking damage.]


Message History

You hit Duvessa but do no damage.
Duvessa is severely wounded.
Duvessa hits you but does no damage.
You barely miss Duvessa.
Duvessa is severely wounded.
Duvessa hits you but does no damage. x2
Unknown command.
You hit Duvessa but do no damage.
Duvessa is severely wounded.
Duvessa hits you with a short sword!
* * * LOW HITPOINT WARNING * * *
You hit Duvessa but do no damage.
Duvessa is severely wounded.
Duvessa hits you with a short sword.
* * * LOW HITPOINT WARNING * * *
Duvessa barely misses you.
You hit Duvessa but do no damage.
Duvessa is severely wounded.
Duvessa hits you with a short sword!
You die...

..... ..
#....................
+##### #..
##.........).........
...##......>.............
.....##.................
#..###................
#.....................
##....####............
#....## ###.....#....
#∩.#e@# ##...#####.
....###.)# ##..# # #...#
###.# #..# #... ..# #.
... ..# .. ..# .. ...


You could see Duvessa (berserk).

Vanquished Creatures
  Blork the orc (D:5)
  Dowan (D:4)
  A centaur zombie (D:5)
  An orc priest (D:5)
  2 bullfrog skeletons (D:5)
  3 orc wizards (D:5)
  Terence (D:2)
  An iguana (D:5)
  A howler monkey skeleton (D:5)
  An adder (D:3)
  An adder skeleton (D:4)
  A dart slug (D:1)
  4 leopard geckos
  13 orcs
  7 bats
  2 giant cockroaches
  2 gnoll zombies (D:5)
  6 hobgoblins
  11 jackals
  A quokka (D:5)
  A ball python (D:2)
  3 frilled lizards
  7 goblins (D:1)
  4 kobolds
  A quokka skeleton (D:5)
  4 rats
81 creatures vanquished.

Notes
Turn   | Place    | Note
-------+----------+-------------------------------------------
     0 | Abyss:1  | Zebedee the Formicid Abyssal Knight began the quest for the
                  | Orb.
     0 | Abyss:1  | Reached XP level 1. HP: 18/18 MP: 2/2
    53 | Abyss:1  | Noticed a large abomination
    79 | Abyss:2  | Noticed a komodo dragon
    80 | Abyss:2  | Noticed an orb spider
    80 | Abyss:2  | a komodo dragon changed into an orb spider
    93 | Abyss:2  | Noticed a queen bee
    93 | Abyss:2  | an orb spider changed into a queen bee
   111 | Abyss:3  | Noticed a wretched star
   115 | D:1      | Escaped the Abyss
   506 | D:1      | Reached XP level 2. HP: 25/25 MP: 3/3
   682 | D:1      | Reached * piety under Lugonu
   909 | D:1      | Reached XP level 3. HP: 22/30 MP: 4/4
  1710 | D:2      | Reached XP level 4. HP: 24/37 MP: 5/5
  2017 | D:2      | Found a bloodstained altar of Trog.
  2021 | D:2      | Found a white marble altar of Elyvilon.
  2094 | D:2      | Noticed Terence
  2104 | D:2      | Killed Terence
  2104 | D:2      | Reached skill level 3 in Axes
  2233 | D:2      | Reached ** piety under Lugonu
  2653 | D:3      | You fall through a shaft for 2 floors!
  2653 | D:5      | Entered Level 5 of the Dungeon
  2666 | D:5      | Reached XP level 5. HP: 39/42 MP: 6/6
  3071 | D:5      | Noticed Blork the orc
  3081 | D:5      | Killed Blork the orc
  3081 | D:5      | Reached skill level 4 in Axes
  3190 | D:5      | Reached XP level 6. HP: 24/49 MP: 7/7
  3631 | D:5      | Reached skill level 5 in Axes
  3631 | D:5      | Reached XP level 7. HP: 49/55 MP: 8/8
  3791 | D:5      | Found a basalt altar of Yredelemnul.
  4396 | D:4      | Noticed Duvessa
  4396 | D:4      | Noticed Dowan
  4402 | D:4      | Killed Dowan
  4408 | D:4      | Slain by Duvessa

Skill      XL: |  1  2  3  4  5  6 |
---------------+-------------------+-----
Fighting       | 4 |  4.9
Armour         | 3 4 |  4.6
Axes           | 3 4 5 |  5.5
Dodging        | |  0.8
Invocations    | |  2.1

Action                   |  1- 3 |  4- 6 |  7- 9 || total
-------------------------+-------+-------+-------++-------
Melee: Hand axe          |   123 |   125 |    48 ||   296
Throw: Stone             |     2 |       |       ||     2
Invok: Depart the Abyss  |     1 |       |       ||     1
 Abil: Shaft Self        |       |     1 |       ||     1
  Use: Potion            |       |     3 |       ||     3
  Eat: Chunk             |     3 |     4 |       ||     7
       Ration            |       |     1 |       ||     1
Armor: Leather armour    |    30 |    12 |       ||    42
       Scale mail        |       |    19 |    14 ||    33
Dodge: Dodged            |   112 |    93 |    15 ||   220
